 Dungeon Crawl Stone Soup version 0.25-b1-46-gb8a1ec05df (webtiles) character file.

Game seed: 17108534774203799342

482 nikku the Chopper (level 6, -17/58 HPs)
             Began as a Minotaur Berserker on June 10, 2020.
             Was a Believer of Trog.
             Demolished by an ogre
             ... wielding a +0 giant spiked club
              (29 damage)
             ... on level 3 of the Dungeon.
             The game lasted 00:06:23 (3150 turns).

nikku the Chopper (Minotaur Berserker)              Turns: 3150, Time: 00:06:24

Health: -17/58     AC:  9    Str: 23    XL:     6   Next: 87%
Magic:  5/5        EV:  4    Int:  4    God:    Trog [**....]
Gold:   247        SH: 17    Dex: 10    Spells: 5/5 levels left

rFire    . . .     SeeInvis .   a - +1 hand axe
rCold    . . .     Gourm    .   s - +0 tower shield
rNeg     . . .     Faith    .   o - +0 chain mail
rPois    .         Spirit   .   (helmet restricted)
rElec    .         Reflect  +   (no cloak)
rCorr    .         Harm     .   (no gloves)
MR       .....                  (no boots)
Stlth    ..........             d - amulet of reflection
HPRegen  0.19/turn              (no ring)
MPRegen  0.09/turn              (no ring)

@: berserk cooldown
A: retaliatory headbutt, horns 2
a: Berserk, Trog's Hand, Renounce Religion


You were on level 3 of the Dungeon.
You worshipped Trog.
Trog was pleased with you.
You were near starving.

You visited 1 branch of the dungeon, and saw 4 of its levels.

You collected 247 gold pieces.

Inventory:

Hand Weapons
 a - a +1 hand axe (weapon)
Missiles
 k - 5 javelins (quivered)
 n - 5 curare-tipped darts
 r - 10 poisoned darts
Armour
 o - a +0 chain mail (worn)
 s - a +0 tower shield (worn)
Jewellery
 d - an amulet of reflection (around neck)
Wands
 f - a wand of polymorph (11)
Scrolls
 q - 2 scrolls of teleportation
Potions
 e - a potion of curing
 g - 2 potions of heal wounds
 h - a potion of stabbing {unknown}
 i - a potion of resistance {unknown}
 p - a potion of lignification {unknown}
Comestibles
 c - 7 rations


   Skills:
 * Level 6.5 Fighting
 * Level 6.5 Axes
 + Level 4.5 Armour
 - Level 2.1 Dodging
 + Level 0.3 Shields


You had 5 spell levels left.
You didn't know any spells.
Your spell library was empty.

Dungeon Overview and Level Annotations

Branches:
Dungeon (4/15)
 Temple: D:4-7

Altars:
Gozag
Kikubaaqudgha

Shops:
D:4 =

Annotations:
D:4 Dowan, Duvessa


Innate Abilities, Weirdness & Mutations

You reflexively headbutt those who attack you in melee.
You have a pair of horns on your head.


Message History

* * * LOW HITPOINT WARNING * * *
You climb upwards.
There is a stone staircase leading down here.
You hit the ogre.
The ogre is moderately wounded.
Your skin stops crawling.
You feel less resistant to hostile enchantments.
You block the ogre's attack.
The ogre hits you with a +0 giant spiked club!
* * * LOW HITPOINT WARNING * * *
You block the ogre's attack. You block the ogre's attack.
The ogre completely misses you.
You are near starving!
You block the ogre's attack. You block the ogre's attack.
You feel yourself speed up.
The ogre hits you with a +0 giant spiked club!!
Ouch! That really hurt!
You die...

####### ......# ####### #####.#
##### #.....# # #.# #...###(....#
# #.## #.#..##..#.)########### ##
#..# #.#..O@..#)....)......#
.####..# ##.##....##.####)..(...#
.......# #..##)...##..# #.......#
...##..# #...##..##...# #.......#
...##### #...##..##...###.......#
...#######....####..............#
#####......#..####..####........#
#####....####..##...##..........#
....>..........##...............#


You could see an ogre.

Vanquished Creatures
  Sigmund (D:2)
  An orc priest (D:4)
  An orc wizard (D:3)
  Jessica (D:2)
  Natasha (thrice) (D:2)
  A worker ant (D:3)
  2 adders
  An ooze (D:1)
  6 worms
  2 dart slugs (D:3)
  3 leopard geckos
  6 orcs
  3 giant cockroaches
  5 goblins
  9 hobgoblins
  12 jackals
  8 bats
  3 frilled lizards (D:1)
  8 kobolds
  9 rats
85 creatures vanquished.

Notes
Turn   | Place    | Note
-------+----------+-------------------------------------------
     0 | D:1      | nikku the Minotaur Berserker began the quest for the Orb.
     0 | D:1      | Reached XP level 1. HP: 19/19 MP: 0/0
   102 | D:1      | Reached XP level 2. HP: 21/27 MP: 1/1
   794 | D:1      | Reached ** piety under Trog
   794 | D:1      | Reached XP level 3. HP: 29/33 MP: 2/2
  1126 | D:2      | Noticed Sigmund
  1136 | D:2      | Killed Sigmund
  1136 | D:2      | Reached skill level 5 in Fighting
  1136 | D:2      | Reached skill level 5 in Axes
  1136 | D:2      | Reached XP level 4. HP: 42/42 MP: 3/3
  1136 | D:2      | Reached XP level 5. HP: 48/48 MP: 4/4
  1211 | D:2      | Noticed Jessica
  1223 | D:2      | Killed Jessica
  1779 | D:2      | Noticed Natasha
  1787 | D:2      | Killed Natasha
  1787 | D:2      | Reached XP level 6. HP: 47/57 MP: 5/5
  1974 | D:2      | Found a faded altar of an unknown god.
  2009 | D:2      | Noticed Natasha
  2017 | D:2      | Killed Natasha
  2027 | D:2      | Noticed Natasha
  2034 | D:2      | Killed Natasha
  2944 | D:3      | Found an opulent altar of Gozag.
  3065 | D:3      | Found an ancient bone altar of Kikubaaqudgha.
  3112 | D:4      | Found Uxzasykk's Jewellery Boutique.
  3113 | D:4      | Noticed Dowan
  3114 | D:4      | Noticed Duvessa
  3150 | D:3      | Demolished by an ogre

Illustrated notes

Levels and vault maps discovered:
D:1:      minmay_arrival_stair_chambers, layout_basic,
          minmay_misc_feat_enclosed, minmay_domino_2
D:2:      layout_basic, first_ration, chequers_ecumenical_altar_island,
          uniq_natasha, uniq_jessica, uniq_sigmund
D:3:      layout_rooms, lemuel_coloured_pillars_altar,
          nicolae_overflow_crystal_walls, minmay_misc_feat_x
D:4:      layout_rooms, cheibrodos_ashenzari_chains,
          grunt_temple_overflow_diamond, serial_shops, shop_statue, uniq_duvessa

Skill      XL: |  1  2  3  4  5  6 |
---------------+-------------------+-----
Fighting       | 4 5 6 |  6.5
Axes           | 4 5 6 |  6.5
Armour         | 3 4 |  4.5
Dodging        | |  2.1
Shields        | |  0.3

Action                   |  1- 3 |  4- 6 || total
-------------------------+-------+-------++-------
Melee: Hand axe          |    57 |   127 ||   184
       Headbutt          |     9 |    30 ||    39
Invok: Trog's Hand       |     1 |     3 ||     4
       Berserk           |     1 |     1 ||     2
  Use: Scroll            |     6 |     5 ||    11
  Eat: Chunk             |     1 |     8 ||     9
Armor: Animal skin       |    11 |     9 ||    20
       Chain mail        |       |    13 ||    13
Dodge: Dodged            |    35 |    44 ||    79
Block: Other             |    13 |    19 ||    32
       Tower shield      |       |    14 ||    14
       Reflection        |       |     1 ||     1
